 Dungeon Crawl Stone Soup version 0.31.0-32-g396128a36d (webtiles) character file.

Game seed: 15145318193334797480

455 PaiMei the Grave Robber (level 6, -2/47 HPs)
             Began as a Demonspawn Necromancer on Mar 29, 2024.
             Killed from afar by a white imp (7 damage)
             ... with a puff of frost
             ... on level 4 of the Dungeon.
             The game lasted 00:03:56 (3246 turns).

PaiMei the Grave Robber (Demonspawn Necromancer)    Turns: 3246, Time: 00:03:57

Health: -2/47      AC:  4    Str:  8    XL:     6   Next: 76%
Magic:  8/11       EV: 13    Int: 18    God:
Gold:   148        SH:  0    Dex: 13    Spells: 4/12 levels left

rFire   . . .        c - +2 hand axe (heavy)
rCold   . . .        (no shield)
rNeg    + . .        a - +0 robe
rPois   .            i - +2 hat
rElec   .            (no cloak)
rCorr   .            (no gloves)
SInv    .            (no boots)
Will    +....        (no amulet)
Stlth   ++           n - ring of willpower
HPRegen 0.27/turn    q - ring of positive energy
MPRegen 0.12/turn

%: no passive effects
@: no status effects
A: horns 2, demonic magic 1
a: no special abilities


You were on level 4 of the Dungeon.
You visited 1 branch of the dungeon, and saw 4 of its levels.

You collected 148 gold pieces.

Inventory:

Hand Weapons
 c - a +2 heavy hand axe (weapon)
 u - a +2 whip of electrocution
Armour
 a - a +0 robe (worn)
 i - a +2 hat (worn)
 j - a +1 scale mail of poison resistance
Jewellery
 l - a ring of fire
 n - a ring of willpower (left hand)
 q - a ring of positive energy (right hand)
Wands
 v - a wand of flame (28)
Scrolls
 e - 9 scrolls of identify {unknown}
 g - 3 scrolls of enchant armour {unknown}
 h - 2 scrolls of poison {unknown}
 p - a scroll of enchant weapon {unknown}
 r - 5 scrolls of teleportation {unknown}
 t - a scroll of fog {unknown}
 w - a scroll of revelation {unknown}
Potions
 b - a potion of magic
 d - a potion of ambrosia {unknown}
 f - a potion of mutation {unknown}
 k - a potion of heal wounds {unknown}
 m - a potion of invisibility {unknown}
 o - a potion of curing {unknown}
 s - a potion of lignification {unknown}


   Skills:
 + Level 3.1 Fighting
 + Level 3.6 Dodging
 - Level 2.0 Stealth
 + Level 3.8 Spellcasting
 + Level 5.8 Necromancy


You had 4 spell levels left.
You knew the following spells:

 Your Spells              Type           Power      Damage    Failure   Level
a - Necrotise             Necr           96%        1d8       1%          1
b - Vampiric Draining     Necr           24%        2d7       4%          3
c - Animate Dead          Necr           24%        N/A       14%         4

Your spell library contained the following spells:

 Spells                   Type           Power      Damage    Failure   Level
 Sting                    Conj/Alch      12%        1d3       16%         1
 Mercury Vapours          Alch/Air       6%         N/A       22%         2
 Mephitic Cloud           Conj/Alch/Air  3%         N/A       41%         3
 Olgreb's Toxic Radiance  Alch           3%         N/A       83%         4
 Curse of Agony           Necr           24%        N/A       36%         5
 Freezing Cloud           Conj/Ice/Air   1%         6-21      99%         5
 Iskenderun's Battlesphe  Conj           3%         2d6       99%         5
 Bombard                  Conj/Erth      1%         9d1       100%        6
 Spellforged Servitor     Conj/Summ      1%         N/A       100%        7


Dungeon Overview and Level Annotations

Branches:
Dungeon (4/15)
 Temple: D:4-7

Altars:
Fedhas


Innate Abilities, Weirdness & Mutations

You have a pair of horns on your head.
Spells you cast may paralyse adjacent enemies.


Message History

Casting: Vampiric Draining (dangerous; 4% risk of failure)
Confirm with . or Enter, or press ? or * to list all spells.
Aiming: Necrotise (safe; 1% risk of failure)
Press: ? - help, Shift-Dir - straight line, f - gnoll
Aim: a gnoll, wielding a +0 spear (chance to affect: 88%)
The gnoll writhes in agony.
Malevolent energies surge around you.
The gnoll hits you from afar with a +0 spear.
Casting: Necrotise (safe; 1% risk of failure)
Confirm with . or Enter, or press ? or * to list all spells.
Aiming: Necrotise (safe; 1% risk of failure)
Press: ? - help, Shift-Dir - straight line, f/p - gnoll
Aim: a gnoll, wielding a +0 spear (heavily wounded, chance to affect: 88%)
The gnoll writhes in agony!
Malevolent energies surge around you.
The gnoll hits you from afar with a +0 spear.
* * * LOW HITPOINT WARNING * * *
Casting: Necrotise (safe; 1% risk of failure)
Confirm with . or Enter, or press ? or * to list all spells.
Aiming: Necrotise (safe; 1% risk of failure)
Press: ? - help, Shift-Dir - straight line, f/p - gnoll
Aim: a gnoll, wielding a +0 spear (almost dead, chance to affect: 88%)
The gnoll writhes in agony.
You kill the gnoll!
Malevolent energies surge around you.
The dead are walking!
The gnoll hits your gnoll skeleton with a +0 spear.
The gnoll hits your gnoll skeleton with a +0 spear!
Your gnoll skeleton is destroyed!
A white imp comes into view.
The white imp shouts!
There is an open door here.
The white imp shouts, "Embrace thy doom, thou mangled toot-wallowing guttersnipe!"
The white imp gestures at you. The puff of frost hits you!
* * * LOW HITPOINT WARNING * * *
There is an open door here.
The white imp gestures at you. The puff of frost hits you.
* * * LOW HITPOINT WARNING * * *
The white imp gestures at you. The puff of frost hits you!
You die...

###.........####..g#.#
.'.........'..gg....#
#........g####...#.#
#......g## ##.##.#
##...5.## ####.#
##...## #g# ##'## #g#
#.# #.# ######@### #g#
##........# #.#
.>.?......# #.#
##.##.....# #.# #
##....# #.#
#....##########.#
##...).g.gg)g...#
#.#.############
#.####.#.#


You could see a white imp.

Vanquished Creatures
  Sigmund (D:4)
  A scorpion (D:4)
  Jessica (D:2)
  Terence (D:2)
  An iguana (D:4)
  4 gnolls (D:4)
  4 adders
  A dart slug (D:2)
  7 orcs
  4 endoplasms
  2 giant cockroaches
  4 goblins
  7 hobgoblins
  3 jackals
  3 quokkas
  6 ball pythons
  6 bats
  6 frilled lizards
  6 kobolds
  3 rats
71 creatures vanquished.

Vanquished Creatures (collateral kills)
  An adder (D:3)
  A jackal (D:3)
2 creatures vanquished.

Grand Total: 73 creatures vanquished

Notes
Turn   | Place    | Note
-------+----------+-------------------------------------------
     0 | D:1      | PaiMei the Demonspawn Necromancer began the quest for the
                  | Orb.
     0 | D:1      | Reached XP level 1. HP: 13/13 MP: 3/3
   284 | D:1      | Gained mutation: Spells you cast may paralyse adjacent
                  | enemies. [demonic ancestry]
   284 | D:1      | Reached XP level 2. HP: 19/19 MP: 0/5
   792 | D:2      | Noticed Terence
  1128 | D:2      | Gained mutation: You have a pair of small horns on your
                  | head. [demonic ancestry]
  1128 | D:2      | Reached XP level 3. HP: 25/25 MP: 3/6
  1132 | D:2      | Learned a level 3 spell: Vampiric Draining
  1161 | D:2      | Killed Terence
  1162 | D:2      | Reached skill level 1 in Fighting
  1340 | D:2      | Reached XP level 4. HP: 32/32 MP: 2/8
  1380 | D:2      | Noticed Jessica
  1383 | D:2      | Killed Jessica
  1384 | D:2      | Reached skill level 5 in Necromancy
  1688 | D:3      | Learned a level 4 spell: Animate Dead
  1971 | D:3      | Found a faded altar of an unknown god.
  2090 | D:3      | Reached XP level 5. HP: 32/38 MP: 9/9
  2284 | D:3      | Found a blossoming altar of Fedhas.
  2692 | D:4      | Noticed Sigmund
  2703 | D:4      | Killed Sigmund
  2704 | D:4      | Gained mutation: You have a pair of horns on your head.
                  | [demonic ancestry]
  2704 | D:4      | Reached XP level 6. HP: 46/46 MP: 0/11
  3246 | D:4      | Killed from afar by a white imp

Illustrated notes

Levels and vault maps discovered:
D:1:      giann_horns, layout_loops_ring
D:2:      cheibrodos_old_hovel, layout_rooms, uniq_terence, uniq_jessica
D:3:      layout_loops_cross, fedhas_ov_isle_minmay,
          hellmonk_ecumenical_altar_dog_temple, st_stairs_12,
          amcnicky_mini_pool_small
D:4:      layout_loops_corners, minmay_ruined_shrine, uniq_sigmund

Skill      XL: |  1  2  3  4  5  6 |
---------------+-------------------+-----
Stealth        | 2 |  2.0
Dodging        | 2 3 |  3.6
Fighting       | 1 2 3 |  3.1
Necromancy     | 5 |  5.8
Spellcasting   | 3 |  3.8

Action                     |  1- 3 |  4- 6 || total
---------------------------+-------+-------++-------
  Melee: Hand axe          |    13 |    28 ||    41
         Headbutt          |     1 |     3 ||     4
   Cast: Necrotise         |    61 |    59 ||   120
         Vampiric Draining |       |     7 ||     7
   Stab: Paralysed         |     2 |     5 ||     7
         Sleeping          |       |     1 ||     1
 Armour: Robe              |    17 |    40 ||    57
  Dodge: Dodged            |    17 |    25 ||    42
